 Dungeon Crawl Stone Soup version 0.16.2-12-gd0ad4c3 (webtiles) character file.

415 faibistes the Cudgeler (level 6, -1/61 HPs)
             Began as an Ogre Warper on Dec 13, 2017.
             Was an Initiate of the Shining One.
             Slain by an adder (2 damage)
             ... on level 6 of the Dungeon.
             The game lasted 00:17:38 (5644 turns).

faibistes the Cudgeler (Ogre Warper)                Turns: 5644, Time: 00:17:39

Health: -1/61      AC:  5    Str: 17    XL:     6   Next: 92%
Magic:  15/15      EV: 10    Int: 14    God:    the Shining One [......]
Gold:   236        SH:  0    Dex:  9    Spells: 5 memorised, 2 levels left

rFire  . . .     SeeInvis .     w - +0 giant spiked club
rCold  . . .     Clarity  .     b - +0 robe
rNeg   . . .     SustAb   .     (shield restricted)
rPois  .         Gourm    .     (helmet restricted)
rElec  .         Spirit   .     p - +0 cloak
rCorr  .         Warding  .     (gloves unavailable)
rMut   .         Rnd*Tele +     (boots unavailable)
MR     .....                    (no amulet)
Stlth  +.........               (no ring)
                                (no ring)

@: lethally poisoned (-1 -> -1), very slightly contaminated, invisible, not
resistant to hostile enchantments, very unstealthy
A: unfitting armour, molten scales 1, teleportitis 1, tough skin 1, placid magic
1
a: Renounce Religion


You were on level 6 of the Dungeon.
You worshipped the Shining One.
The Shining One was noncommittal.
You were hungry.

You visited 2 branches of the dungeon, and saw 7 of its levels.

You collected 236 gold pieces.

Inventory:

Hand weapons
 a - a +0 mace
 w - a +0 giant spiked club (weapon)
Missiles
 e - 2 tomahawks of dispersal (quivered)
 g - 122 stones
 z - 8 javelins
Armour
 b - a +0 robe (worn)
 p - a +0 cloak (worn)
Magical staves
 y - an uncursed staff of conjuration
Scrolls
 d - a scroll of blinking
 n - 2 scrolls of fog
 o - a scroll of amnesia
 q - 4 scrolls of remove curse
 A - a scroll of teleportation
Potions
 i - a potion of cure mutation
 l - a potion of magic
 u - 2 potions of brilliance
 C - a potion of degeneration {unknown}
 D - a potion of agility {unknown}
 F - a potion of lignification {unknown}
Books
 c - a book of Spatial Translocations

   Spells                             Type                      Level
   a - Apportation                    Translocation                1
   b - Blink                          Translocation                2
   c - Shroud of Golubria             Charms/Translocation         2
   d - Portal Projectile              Translocation                3
   e - Teleport Other                 Translocation                3
   f - Passage of Golubria            Translocation                4
Comestibles
 f - 2 meat rations
 h - a royal jelly
 j - 17 fruits
 k - a bread ration
 m - 2 chunks of flesh


   Skills:
 + Level 3.6 Fighting
 * Level 4.1 Maces & Flails
 * Level 3.8 Throwing
 + Level 1.4 Armour
 - Level 1.7 Dodging
 * Level 4.0 Spellcasting
 + Level 1.0 Charms
 * Level 3.0 Translocations
 * Level 1.5 Invocations


You had 2 spell levels left.
You knew the following spells:

 Your Spells              Type           Power        Failure   Level  Hunger
a - Apportation           Tloc           #.........   2%          1    None
b - Teleport Other        Tloc           #.......     9%          3    ###....
c - Shroud of Golubria    Chrm/Tloc      #.........   7%          2    ##.....
d - Blink                 Tloc           N/A          4%          2    ##.....
e - Portal Projectile     Tloc           #.....       9%          3    ###....


Dungeon Overview and Level Annotations

Branches:
Dungeon (6/15)             Temple (1/1) D:4

Altars:
Ashenzari
Dithmenos
Elyvilon
Fedhas
Makhleb
Nemelex Xobeh
Okawaru
Qazlal
Ru
Sif Muna
Vehumet
Xom
The Shining One

Annotations:
D:5 Pikel


Innate Abilities, Weirdness & Mutations

You are too large for most types of armour.
You have tough skin (AC +1).
You are partially covered in molten scales (AC +1).
Space occasionally distorts in your vicinity.
Your spells are a little easier to cast, but a little less powerful.


Message History

You feel sick. The adder bites you but does no damage.
Found a scroll of fog.
You feel sick. The adder closely misses you.
Found 15 bolts.
You hear the hiss of an avalanche of sand nearby.
You see here 2 tomahawks.
You feel sick. The adder barely misses you.
Found a scroll of identify.
You see here 18 arrows.
You see here a scroll of fog.
Read which item? (? for menu, Esc to quit)
As you read the scroll of fear, it crumbles to dust.
You assume a fearsome visage.
The adder resists with some effort.
The goblin looks frightened!
The adder looks frightened!
The adder bites you.
* * * LOW HITPOINT WARNING * * *
n - 2 scrolls of fog (gained 1)
* * * LOW HITPOINT WARNING * * *
You feel sick. The adder bites you.
You die...

..... .. ##. ........#
.....#.. ..F......
.....(#.# .. #....
.........# ########.!#
..........###.....(...#.
.......##...#......(>...
............#........##.
#...........#....<...#
#......@S.(.......$.$#
#.........S.g#########
##?.####......... #..
#......##### . ...###..#
... #..# .. #..# . ...#
#..#


You could see 2 adders and a goblin (fleeing).

Vanquished Creatures
  An ogre (D:4)
  2 hounds
  An iguana (D:6)
  2 worker ants
  A worker ant zombie (D:5)
  6 adders
  2 shadow imps (D:5)
  A giant mite (D:2)
  4 worms
  2 adder skeletons (D:4)
  2 giant geckos
  An ooze (D:3)
  6 orcs
  14 bats
  6 giant cockroaches
  6 goblins
  4 hobgoblins
  8 jackals
  2 quokkas (D:3)
  3 giant newts
  A goblin zombie (D:5)
  9 kobolds
  11 rats
95 creatures vanquished.

Notes
Turn   | Place    | Note
--------------------------------------------------------------
     0 | D:1      | faibistes, the Ogre Warper, began the quest for the Orb.
     0 | D:1      | Reached XP level 1. HP: 22/22 MP: 3/3
   443 | D:1      | Reached XP level 2. HP: 25/29 MP: 5/5
   449 | D:1      | Learned a level 2 spell: Blink
   452 | D:1      | Learned a level 2 spell: Shroud of Golubria
   535 | D:1      | Reached skill level 3 in Fighting
  1104 | D:2      | Reached XP level 3. HP: 17/37 MP: 1/6
  1799 | D:3      | Reached skill level 1 in Armour
  1812 | D:3      | Reached XP level 4. HP: 45/45 MP: 2/8
  2294 | D:2      | Learned a level 3 spell: Teleport Other
  3397 | D:3      | Reached XP level 5. HP: 47/53 MP: 9/11
  3953 | D:4      | Found a staircase to the Ecumenical Temple.
  3973 | Temple   | Entered the Ecumenical Temple
  4036 | Temple   | Became a worshipper of the Shining One
  4226 | D:5      | Entered Level 5 of the Dungeon
  4303 | D:4      | Reached XP level 6. HP: 61/61 MP: 10/13
  4308 | D:4      | Learned a level 3 spell: Portal Projectile
  4879 | D:4      | Reached skill level 4 in Maces & Flails
  4879 | D:4      | Reached skill level 1 in Invocations
  5350 | D:4      | Found a sparkling altar of Nemelex Xobeh.
  5376 | D:6      | Noticed Pikel
  5387 | D:5      | Reached skill level 1 in Charms
  5594 | D:6      | Gained mutation: You are partially covered in molten scales (AC +1). [potion of mutation]
  5594 | D:6      | Gained mutation: Your spells are a little easier to cast, but a little less powerful. [potion of mutation]
  5594 | D:6      | Gained mutation: Space occasionally distorts in your vicinity. [potion of mutation]
  5622 | D:6      | HP: 3/61 [poisoned by an adder]
  5629 | D:6      | The Shining One protects you from harm!
  5636 | D:6      | HP: 3/61 [poisoned by an adder]
  5643 | D:6      | HP: 2/61 [adder (2)]
  5644 | D:6      | Slain by an adder

Action                   |  1- 3 |  4- 6 || total
-------------------------+-------+-------++-------
Melee: Mace              |    94 |   200 ||   294
       Giant spiked club |       |    44 ||    44
Throw: Stone             |    77 |   127 ||   204
       Tomahawk          |       |     5 ||     5
       Javelin           |       |     2 ||     2
 Cast: Shroud of Golubri |     8 |    24 ||    32
       Blink             |       |     6 ||     6
  Use: Scroll            |       |    11 ||    11
       Potion            |       |     4 ||     4
  Eat: Chunk             |     4 |    12 ||    16
       Fruit             |       |     2 ||     2
